 Dungeon Crawl Stone Soup version 0.27-a0-1144-g0b7d3b79db (webtiles) character file.

Game seed: 6912094620782958047

125 senseless the Chopper (level 5, -6/47 HPs)
             Began as a Gnoll Berserker on May 10, 2021.
             Was a Believer of Trog.
             Mangled by Grinder (12 damage)
             ... on level 3 of the Dungeon.
             The game lasted 00:04:19 (1773 turns).

senseless the Chopper (Gnoll Berserker)             Turns: 1773, Time: 00:04:19

Health: -6/47      AC:  9    Str: 17    XL:     5   Next: 9%
Magic:  7/7        EV:  8    Int:  7    God:    Trog [**....]
Gold:   85         SH:  3    Dex: 11    Spells: 6/6 levels left

rFire    . . .     SeeInvis .   f - +0 flail (holy)
rCold    . . .     Faith    .   e - +0 buckler
rNeg     . . .     Spirit   .   d - +0 chain mail
rPois    .         Reflect  .   (no helmet)
rElec    .         Harm     .   (no cloak)
rCorr    .         Rampage  .   (no gloves)
Will     .....                  (no boots)
Stlth    ..........             (no amulet)
HPRegen  0.15/turn              (no ring)
MPRegen  0.10/turn              (no ring)

@: flying
A: fangs 1, strong nose, distributed training
a: Renounce Religion, Berserk, Trog's Hand


You were on level 3 of the Dungeon.
You worshipped Trog.
Trog was pleased with you.
You visited 1 branch of the dungeon, and saw 3 of its levels.

You collected 85 gold pieces.

Inventory:

Hand Weapons
 a - a +0 hand axe
 f - a +0 flail of holy wrath (weapon)
Armour
 d - a +0 chain mail (worn)
 e - a +0 buckler (worn)
Wands
 j - a wand of iceblast (7)
Potions
 g - 2 potions of cancellation
 h - 2 potions of degeneration {unknown}
 i - a potion of attraction {unknown}
 k - 2 potions of haste {unknown}


   Skills:
 + Level 6.6 Fighting
 + Level 1.3 Short Blades
 + Level 1.3 Long Blades
 + Level 6.6 Axes
 + Level 1.3 Maces & Flails
 + Level 1.3 Polearms
 + Level 1.3 Staves
 + Level 1.3 Slings
 + Level 1.3 Bows
 + Level 1.3 Crossbows
 + Level 1.3 Throwing
 + Level 4.7 Armour
 + Level 4.7 Dodging
 + Level 1.3 Stealth
 + Level 1.3 Shields
 + Level 1.3 Unarmed Combat
 + Level 1.3 Spellcasting
 + Level 1.1 Conjurations
 + Level 1.1 Hexes
 + Level 1.1 Summonings
 + Level 1.1 Necromancy
 + Level 1.1 Translocations
 + Level 1.1 Transmutations
 + Level 1.1 Fire Magic
 + Level 1.1 Ice Magic
 + Level 1.1 Air Magic
 + Level 1.1 Earth Magic
 + Level 1.1 Poison Magic
 + Level 1.5 Invocations
 + Level 1.3 Evocations


You had 6 spell levels left.
You didn't know any spells.
Your spell library was empty.

Dungeon Overview and Level Annotations

Branches:
Dungeon (3/15)

Altars:

Annotations:
D:3 Grinder


Innate Abilities, Weirdness & Mutations

You have very sharp teeth.
Your uncanny sense of smell can sniff out nearby items.
Your experience applies equally to all skills.


Message History

You closely miss Grinder.
Grinder is lightly wounded.
Grinder closely misses you. Grinder hits you but does no damage.
You hit Grinder.
Grinder convulses.
Grinder is moderately wounded.
Grinder blinks!
Grinder gestures at you. Pain shoots through your body!
You are too injured to fight recklessly!
It was a potion of flight.
You feel very buoyant.
You fly up into the air.
Grinder barely misses you.
It was a potion of curing.
You feel better.
Grinder says, "Tell me all your secrets, or I'll kill you."
You block Grinder's attack.
You closely miss Grinder.
Grinder is moderately wounded.
Grinder barely misses you. Grinder completely misses you.
You closely miss Grinder.
Grinder is moderately wounded.
Grinder hits you but does no damage.
You sock Grinder!
Grinder convulses.
Grinder is severely wounded.
Grinder gestures at you.
You suddenly lose the ability to move!
Grinder gestures at you.
You barely resist. Grinder gestures at you. You resist with significant effort.
Grinder hits you!
* * * LOW HITPOINT WARNING * * *
Grinder hits you.
* * * LOW HITPOINT WARNING * * *
You writhe in agony.
* * * LOW HITPOINT WARNING * * *
You can move again.
You closely miss Grinder.
Grinder is severely wounded.
Grinder hits you!
You die...

## ### #. ..# ###
#. #.# ##.##
#.###### #.###.#.##
#... ..# #.##.###..
#.5# #.# #.###.#...
#.@# #.# #.# #..###
#..# #.###.###.<#
#[.###.......#..###
#..................
##..#####.##.#..###
##.#.....##.#..#
#.#.######......
#.# .....#.# #.#
####.#.#


You could see Grinder (strong).

Vanquished Creatures
  A hound zombie (D:2)
  Robin (D:2)
  3 gnolls (D:2)
  2 adders (D:2)
  A worm (D:2)
  2 bats
  5 endoplasms
  A giant cockroach (D:1)
  8 hobgoblins
  A quokka (D:2)
  4 ball pythons
  5 frilled lizards
  9 goblins
  2 kobolds
  7 rats
52 creatures vanquished.

Notes
Turn   | Place    | Note
-------+----------+-------------------------------------------
     0 | D:1      | senseless the Gnoll Berserker began the quest for the Orb.
     0 | D:1      | Reached XP level 1. HP: 23/23 MP: 1/1
   107 | D:1      | Reached XP level 2. HP: 29/29 MP: 2/2
   667 | D:2      | Reached XP level 3. HP: 35/35 MP: 3/3
   671 | D:2      | Reached skill level 1 in Invocations
   673 | D:2      | Reached skill level 1 in Short Blades
   673 | D:2      | Reached skill level 1 in Long Blades
   673 | D:2      | Reached skill level 1 in Maces & Flails
   673 | D:2      | Reached skill level 1 in Polearms
   673 | D:2      | Reached skill level 1 in Staves
   673 | D:2      | Reached skill level 1 in Slings
   673 | D:2      | Reached skill level 1 in Bows
   673 | D:2      | Reached skill level 1 in Crossbows
   673 | D:2      | Reached skill level 1 in Throwing
   673 | D:2      | Reached skill level 1 in Stealth
   673 | D:2      | Reached skill level 1 in Shields
   673 | D:2      | Reached skill level 1 in Unarmed Combat
   673 | D:2      | Reached skill level 1 in Spellcasting
   673 | D:2      | Reached skill level 1 in Evocations
   852 | D:2      | Reached ** piety under Trog
   858 | D:2      | Reached XP level 4. HP: 41/41 MP: 5/5
  1086 | D:2      | Reached skill level 1 in Conjurations
  1086 | D:2      | Reached skill level 1 in Hexes
  1086 | D:2      | Reached skill level 1 in Summonings
  1086 | D:2      | Reached skill level 1 in Necromancy
  1086 | D:2      | Reached skill level 1 in Translocations
  1086 | D:2      | Reached skill level 1 in Transmutations
  1086 | D:2      | Reached skill level 1 in Fire Magic
  1086 | D:2      | Reached skill level 1 in Ice Magic
  1086 | D:2      | Reached skill level 1 in Air Magic
  1086 | D:2      | Reached skill level 1 in Earth Magic
  1086 | D:2      | Reached skill level 1 in Poison Magic
  1175 | D:2      | Noticed Robin
  1185 | D:2      | Killed Robin
  1255 | D:2      | Reached XP level 5. HP: 45/47 MP: 5/7
  1422 | D:2      | Found a faded altar of an unknown god.
  1747 | D:3      | Noticed Grinder
  1752 | D:3      | Paralysed by Grinder for 7 turns
  1769 | D:3      | Paralysed by Grinder for 4 turns
  1773 | D:3      | Mangled by Grinder

Illustrated notes

Levels and vault maps discovered:
D:1:      onia_arrival_handbag, layout_basic, ebering_dispersal_statue_hall
D:2:      layout_loops_ring, basic_ecumenical_altar, grunt_ministairs_15,
          uniq_robin
D:3:      layout_loops_ring, serial_shops, shop, nicolae_shop_statue_plus, shop,
          shop, nicolae_shop_trees, st_stairs_3, minmay_misc_feat_hallway,
          chequers_serial_rivers_micro_c, uniq_grinder

Skill      XL: |  1  2  3  4 |
---------------+-------------+-----
Invocations    | 1 |  1.5
Short Blades   | 1 |  1.3
Long Blades    | 1 |  1.3
Maces & Flails | 1 |  1.3
Polearms       | 1 |  1.3
Staves         | 1 |  1.3
Slings         | 1 |  1.3
Bows           | 1 |  1.3
Crossbows      | 1 |  1.3
Throwing       | 1 |  1.3
Stealth        | 1 |  1.3
Shields        | 1 |  1.3
Unarmed Combat | 1 |  1.3
Spellcasting   | 1 |  1.3
Evocations     | 1 |  1.3
Conjurations   | 1 |  1.1
Hexes          | 1 |  1.1
Summonings     | 1 |  1.1
Necromancy     | 1 |  1.1
Translocations | 1 |  1.1
Transmutations | 1 |  1.1
Fire Magic     | 1 |  1.1
Ice Magic      | 1 |  1.1
Air Magic      | 1 |  1.1
Earth Magic    | 1 |  1.1
Poison Magic   | 1 |  1.1
Fighting       | |  6.6
Axes           | |  6.6
Armour         | |  4.7
Dodging        | |  4.7

Action                   |  1- 3 |  4- 6 || total
-------------------------+-------+-------++-------
Melee: Hand axe          |    52 |    47 ||    99
       Bite              |     6 |     9 ||    15
       Flail             |     7 |    35 ||    42
Invok: Berserk           |     1 |     1 ||     2
  Use: Scroll            |     1 |     2 ||     3
       Potion            |       |     2 ||     2
Armor: Animal skin       |     4 |       ||     4
       Chain mail        |    17 |    32 ||    49
Dodge: Dodged            |    22 |    28 ||    50
Block: Buckler           |     3 |    20 ||    23

Table legend: (Time is in decaauts)
 A = Elapsed time spent in this place.
 B = Non-inter-level travel time spent in this place.
 C = Inter-level travel time spent in this place.
 D = Time resting spent in this place.
 E = Time spent auto-exploring this place.
 F = Levels seen in this place.
 G = Mean time per level.
                   A        B        C        D        E       F      G
               +--------+--------+--------+--------+--------+-----+--------+
         Total |   1801 |   1782 |     19 |     51 |   1394 |   3 |  600.3 |
       Dungeon |   1801 |   1782 |     19 |     51 |   1394 |   3 |  600.3 |
               +--------+--------+--------+--------+--------+-----+--------+

Top non-repeatable levels by time:
     D:2: 1101 daAuts
     D:1: 646 daAuts
     D:3: 53 daAuts
